 Dungeon Crawl Stone Soup version 0.32-a0-918-g0f22ef8d61 (webtiles) character file.

Game seed: 2845070713484210922

126 Revguard the Trooper (level 4, -1/35 HPs)
             Began as a Demonspawn Fighter on Apr 11, 2024.
             Killed by divine providence
             ... invoked by an orc priest
              (12 damage)
             ... on level 3 of the Dungeon.
             The game lasted 00:04:38 (2427 turns).

Revguard the Trooper (Demonspawn Fighter)           Turns: 2427, Time: 00:04:39

Health: -1/35      AC: 13    Str: 19    XL:     4   Next: 83%
Magic:  5/5        EV:  8    Int:  8    God:
Gold:   190        SH:  4    Dex: 12    Spells: 3/3 levels left

rFire   + . .        a - +0 war axe
rCold   . . .        c - +0 buckler
rNeg    . . .        b - +0 scale mail
rPois   .            x - +0 helmet of Least Resistance {Regen+ rCorr}
rElec   .            r - +0 cloak
rCorr   +            y - +1 pair of gloves
SInv    .            (no boots)
Will    .....        (no amulet)
Stlth   +            w - ring of flight
HPRegen 1.05/turn    (no ring)
MPRegen 0.09/turn

%: no passive effects
@: mighty, flying
A: yellow scales 1, camouflage 1, fire resistance 1
a: Convert to Beogh


You were on level 3 of the Dungeon.
You visited 1 branch of the dungeon, and saw 3 of its levels.

You collected 190 gold pieces.

Inventory:

Hand Weapons
 a - a +0 war axe (weapon)
Armour
 b - a +0 scale mail (worn)
 c - a +0 buckler (worn)
 j - a +0 pair of gloves
 r - a +0 cloak (worn)
 x - the +0 helmet of Least Resistance (worn) {Regen+ rCorr}
   (You found it on level 3 of the Dungeon)

   Regen+:    It increases your rate of health regeneration.
   rCorr:     It protects you from acid and corrosion.
 y - a +1 pair of gloves (worn)
Jewellery
 w - a ring of flight (left hand)
Scrolls
 e - 3 scrolls of blinking {unknown}
 g - a scroll of teleportation {unknown}
 h - a scroll of poison {unknown}
 k - a scroll of identify {unknown}
 n - a scroll of summoning {unknown}
 p - a scroll of enchant armour {unknown}
 s - 2 scrolls of amnesia {unknown}
 u - a scroll of noise {unknown}
 v - a scroll of fog {unknown}
Potions
 f - a potion of mutation
 i - 2 potions of haste {unknown}
 l - a potion of curing {unknown}
 m - 2 potions of brilliance {unknown}
 o - 2 potions of heal wounds {unknown}
 q - a potion of lignification {unknown}
 t - a potion of degeneration {unknown}


   Skills:
 + Level 3.5 Fighting
 + Level 2.4 Axes
 + Level 3.1 Armour
 + Level 1.3 Dodging
 + Level 3.1 Shields
 + Level 2.0 Invocations
 + Level 1.3 Evocations


You had 3 spell levels left.
You didn't know any spells.
Your spell library contained the following spells:

 Spells                   Type           Power      Damage    Failure   Level
 Passwall                 Erth           0%         N/A       99%         3
 Volatile Blastmotes      Fire/Tloc      0%         2d10      99%         3
 Vhi's Electric Charge    Tloc/Air       0%         N/A       100%        4
 Bombard                  Conj/Erth      0%         9d1       100%        6


Dungeon Overview and Level Annotations

Branches:
Dungeon (3/15)

Altars:
Hepliaklqana
Makhleb
Nemelex Xobeh
Xom


Innate Abilities, Weirdness & Mutations

You are partially covered in yellow scales. (AC +2)
Your skin changes colour to match your surroundings (Stealth+).
Your flesh is heat resistant. (rF+)


Message History

Beogh smites you!
The orc priest shouts, "Beogh offers mercy even to people such as you.
Join us and be reborn!" (press Y on the ability menu to convert to Beogh)
The orc priest shouts, "Surrender to Beogh and we'll let you live!"
You slash the orc priest!
The orc priest is heavily wounded.
The orc priest hits you but does no damage.
You hit the orc priest.
The orc priest is almost dead.
The orc priest hits you but does no damage.
You block the orc priest's attack.
The orc priest calls upon Beogh to heal the orc priest.
The orc priest is healed somewhat.
The orc priest shouts, "Surrender to Beogh and we'll let you live!"
You barely miss the orc priest.
The orc priest is heavily wounded.
The orc priest hits you but does no damage.
You barely miss the orc priest.
The orc priest is heavily wounded.
The orc priest hits you with a +0 club.
The orc priest casts a cantrip, but nothing happens.
The orc priest hits you but does no damage.
The orc priest invokes the aid of Beogh against you.
Beogh smites you!
* * * LOW HITPOINT WARNING * * *
It was a potion of mutation.
You feel extremely strange.
You feel resistant to heat.
Your skin functions as natural camouflage.
The orc priest hits you but does no damage.
You feel very mighty all of a sudden.
The orc priest hits you but does no damage.
You slash the orc priest!
You kill the orc priest!
The orc priest shouts, "Surrender to Beogh and we'll let you live!"
Your Invocations skill increases to level 2!
You hit the orc priest.
The orc priest is heavily wounded.
The orc priest mumbles some strange prayers to Beogh against you.
Beogh smites you!
You die...

#############.#
#..)...@oo....#
#.###########.#
#.# #.# #.# #.#
###### #.#####
#..... #.....#
####.####
#####'####
#.##...)..##


You could see an orc priest and an orc.

Vanquished Creatures
  An orc priest (D:3)
  A gnoll (D:3)
  2 adders (D:2)
  7 orcs (D:3)
  5 endoplasms
  A giant cockroach (D:1)
  8 hobgoblins
  A jackal (D:3)
  5 kobolds
  3 quokkas
  3 ball pythons
  8 bats
  A frilled lizard (D:2)
  7 goblins
  3 rats
56 creatures vanquished.

Notes
Turn   | Place    | Note
-------+----------+-------------------------------------------
     0 | D:1      | Revguard the Demonspawn Fighter began the quest for the
                  | Orb.
     0 | D:1      | Reached XP level 1. HP: 18/18 MP: 1/1
   278 | D:1      | Gained mutation: You are partially covered in yellow
                  | scales. (AC +2) [demonic ancestry]
   278 | D:1      | Reached XP level 2. HP: 23/24 MP: 2/2
   757 | D:2      | Reached skill level 1 in Invocations
   757 | D:2      | Reached XP level 3. HP: 29/29 MP: 3/3
  1206 | D:2      | Reached skill level 1 in Dodging
  1756 | D:3      | Reached skill level 1 in Evocations
  1769 | D:3      | Reached XP level 4. HP: 31/35 MP: 5/5
  1800 | D:3      | Identified the +0 ring mail of Lasy {Harm}
  2033 | D:3      | Found a burning altar of Makhleb.
  2158 | D:3      | Found a shimmering altar of Xom.
  2161 | D:3      | Found a sparkling altar of Nemelex Xobeh.
  2162 | D:3      | Found a hazy altar of Hepliaklqana.
  2361 | D:3      | Identified the +0 helmet of Least Resistance {Regen+ rCorr}
  2424 | D:3      | Gained mutation: Your flesh is heat resistant. (rF+)
                  | [potion of mutation]
  2424 | D:3      | Gained mutation: Your skin changes colour to match your
                  | surroundings (Stealth+). [potion of mutation]
  2427 | D:3      | Killed from afar by an orc priest

Illustrated notes

Levels and vault maps discovered:
D:1:      lightli_arrival_lavapool, layout_rooms, serial_curves, eino_curves_03,
          eino_curves_01
D:2:      layout_basic, kennysheep_generic_room_6
D:3:      layout_basic, mainiacjoe_overflow_six_doors_small,
          grunt_temple_overflow_open, kennysheep_crisscross, minmay_vboxes

Skill      XL: |  1  2  3  4 |
---------------+-------------+-----
Axes           | 2 |  2.4
Invocations    | 1 2 |  2.0
Dodging        | 1 |  1.3
Armour         | 3 |  3.1
Evocations     | 1 |  1.3
Shields        | 3 |  3.1
Fighting       | |  3.5

Action                     |  1- 3 |  4- 6 || total
---------------------------+-------+-------++-------
  Melee: War axe           |   114 |    30 ||   144
    Use: Potion            |       |     2 ||     2
 Armour: Scale mail        |   130 |    21 ||   151
  Dodge: Dodged            |    72 |    18 ||    90
  Block: Buckler           |    28 |     8 ||    36

Table legend: (Time is in decaauts)
 A = Elapsed time spent in this place.
 B = Non-inter-level travel time spent in this place.
 C = Inter-level travel time spent in this place.
 D = Time resting spent in this place.
 E = Time spent auto-exploring this place.
 F = Levels seen in this place.
 G = Mean time per level.
                   A        B        C        D        E       F      G
               +--------+--------+--------+--------+--------+-----+--------+
         Total |   2487 |   2443 |     44 |      0 |   1914 |   3 |  829.0 |
       Dungeon |   2487 |   2443 |     44 |      0 |   1914 |   3 |  829.0 |
               +--------+--------+--------+--------+--------+-----+--------+

Top non-repeatable levels by time:
     D:2: 1058 daAuts
     D:3: 788 daAuts
     D:1: 641 daAuts
